 Dungeon Crawl Stone Soup version 0.29.0-4-gdea44cf6ec (webtiles) character file.

Game seed: 16567222508116097056

14 qw the Firebug (level 2, -4/23 HPs)
             Began as a Ghoul Fire Elementalist on Aug 29, 2022.
             Slain by Terence
             ... wielding a +0 flail
              (8 damage)
             ... on level 1 of the Dungeon.
             The game lasted 00:00:48 (1121 turns).

qw the Firebug (Ghoul Fire Elementalist)            Turns: 1121, Time: 00:00:49

Health: -4/23      AC:  6    Str: 11    XL:     2   Next: 41%
Magic:  3/3        EV:  8    Int: 10    God:
Gold:   12         SH:  0    Dex:  9    Spells: 3/4 levels left

rFire   . . .      SeeInvis .     - Unarmed
rCold   + . .      Faith    .   (no shield)
rNeg    + + +      Spirit   .   d - +0 scale mail
rPois   inf        Reflect  .   (no helmet)
rElec   .          Harm     .   (no cloak)
rCorr   .          Rampage  .   (no gloves)
Will    .....                   (no boots)
Stlth   ..........              (no amulet)
HPRegen 0.00/turn               (no ring)
MPRegen 0.08/turn               (no ring)

@: inhibited regen
A: claws 1, cold resistance 1, negative energy resistance 3, inhibited
regeneration, torment resistance 2, devour on kill
a: no special abilities


You were on level 1 of the Dungeon.
You visited 1 branch of the dungeon, and saw 2 of its levels.

You collected 12 gold pieces.


Innate Abilities, Weirdness & Mutations

You are immune to poison.
You have sharp fingernails.
Your flesh is cold resistant. (rC+)
You are immune to negative energy. (rN+++)
You do not regenerate when monsters are visible.
You are immune to unholy pain and torment.
You thrive by killing the living.


   Skills:
 - Level 1.0 Fighting
 - Level 1.7 Dodging
 - Level 2.1 Stealth
 + Level 1.7 Unarmed Combat
 - Level 1.7 Spellcasting
 - Level 0.7 Conjurations
 - Level 2.4 Fire Magic


You had 3 spell levels left.
You knew the following spells:

 Your Spells              Type           Power      Damage    Failure   Level
a - Foxfire               Conj/Fire      16%        2x1d4     71%         1

Your spell library contained the following spells:

 Spells                   Type           Power      Damage    Failure   Level
 Scorch                   Fire           10%        2d5       75%         2
 Conjure Flame            Conj/Fire      4%         6-21      97%         3
 Inner Flame              Hex/Fire       3%         N/A       98%         3
 Flame Wave               Conj/Fire      4%         2d5       100%        4

Inventory:

Armour
 d - a +0 scale mail (worn)
Potions
 e - a potion of experience {unknown}
 f - a potion of heal wounds {unknown}

Dungeon Overview and Level Annotations

Branches:
Dungeon (2/15)

Altars:

Annotations:
D:1 Terence


Message History

You completely miss the kobold. The kobold hits you with a +0 whip.
You scratch the kobold but do no damage.
The kobold hits you with a +0 whip.
You scratch the kobold.
You kill the kobold!
You feel better.
You start resting.
HP restored.
Done exploring.
(D) Dungeon
Where to? (* - list waypoints, Enter - D:2, ? - help)
What level of the Dungeon? (default 1, ? - help)
You climb downwards.
Level annotation: Terence The kobold shouts!
The kobold throws a stone.
The stone hits you but does no damage. Terence hits you with a +0 flail.
There is a stone staircase leading up here.
1115 ||| STAIRDANCE The bat barely misses you.
Terence hits you with a +0 flail.
You climb upwards.
There is a stone staircase leading down here.
You scratch Terence.
Terence is lightly wounded.
Terence hits you but does no damage.
You scratch Terence.
Terence is moderately wounded.
Terence looks scornfully at you. Terence hits you with a +0 flail.
You scratch Terence but do no damage.
Terence is moderately wounded.
Terence hits you with a +0 flail.
You scratch Terence but do no damage.
Terence is moderately wounded.
Terence completely misses you.
You scratch Terence but do no damage.
Terence is moderately wounded.
Terence hits you with a +0 flail!
You die...

#.#P#.#.#..# ###.....#######.#..
..PP..P.P..# #....##.# ####..
#.#P#.#.#..# #.......# #.....
..#_#..%#..# #..###########.##..
#.#.#.#.#..# #..# #.............
P..P.......####..###..........#..
#.#.#.#.#....##...##..........##.
P.#.#...#..#.###..##..........##.
##########.#....@)........#######
...........######@######### #...
..........## #.##....# #.##
........#.# #.##.##.#### #.##
###.......# #.##.##....# #.##
######### #..:.#####.###...
###### #....... #.###### #.#


You could see Terence.

Vanquished Creatures
  2 bats (D:1)
  An endoplasm (D:1)
  2 hobgoblins (D:1)
  A quokka (D:1)
  4 kobolds (D:1)
  4 rats (D:1)
14 creatures vanquished.

Vanquished Creatures (others)
  A fungus (D:1)
  A plant (D:1)
2 creatures vanquished.

Grand Total: 16 creatures vanquished

Notes
Turn   | Place    | Note
-------+----------+-------------------------------------------
     0 | D:1      | qw the Ghoul Fire Elementalist began the quest for the Orb.
     0 | D:1      | Reached XP level 1. HP: 14/14 MP: 2/2
     0 | D:1      | 0 ||| qw: Version: 0.1-a-90-g952f4b7
     0 | D:1      | 0 ||| qw: Game counter: 3719
     0 | D:1      | 0 ||| qw: Always use a shield: true
     0 | D:1      | 0 ||| qw: God list: Okawaru
     0 | D:1      | 0 ||| qw: Allow faded altars: false
     0 | D:1      | 0 ||| qw: Do Orc after D:15 true
     0 | D:1      | 0 ||| qw: Do second Lair branch before Depths: true
     0 | D:1      | 0 ||| qw: Lair rune preference: random
     0 | D:1      | 0 ||| qw: Plans: Normal
     0 | D:1      | 0 ||| PLANNING D:1-11
   147 | D:1      | 147 ||| Stepping ~*~*~tactically~*~*~ (stealth).
   150 | D:1      | 150 ||| Stepping ~*~*~tactically~*~*~ (stealth).
   152 | D:1      | 152 ||| Stepping ~*~*~tactically~*~*~ (stealth).
   157 | D:1      | 157 ||| Stepping ~*~*~tactically~*~*~ (stealth).
   161 | D:1      | 161 ||| Stepping ~*~*~tactically~*~*~ (stealth).
   345 | D:1      | Reached skill level 1 in Unarmed Combat
   571 | D:1      | 571 ||| Stepping ~*~*~tactically~*~*~ (stealth).
   626 | D:1      | Reached skill level 1 in Fighting
   626 | D:1      | Reached XP level 2. HP: 18/23 MP: 3/3
   751 | D:1      | Found a faded altar of an unknown god.
  1058 | D:1      | 1058 ||| UPGRADING to +0 scale mail.
  1068 | D:1      | 1068 ||| DROPPING +0 robe.
  1069 | D:1      | 1069 ||| READING scroll labelled SUJUUNL FULEF.
  1070 | D:1      | 1070 ||| DROPPING potion of magic.
  1103 | D:2      | Noticed Terence
  1104 | D:2      | 1104 ||| STAIRDANCE
  1115 | D:2      | 1115 ||| STAIRDANCE
  1119 | D:1      | HP: 4/23 [Terence/+0 flail (5)]
  1121 | D:1      | Slain by Terence

Levels and vault maps discovered:
D:1:      mrwooster_arrival_statue_3, layout_basic,
          shapermc_ecumenical_altar_mp_urbaneastern
D:2:      layout_rooms, uniq_terence, uniq_robin

Skill      XL: |  1 |
---------------+----+-----
Unarmed Combat | 1 |  1.7
Fighting       | 1 |  1.0
Dodging        | |  1.7
Stealth        | |  2.1
Spellcasting   | |  1.7
Conjurations   | |  0.7
Fire Magic     | |  2.4

Action                   || total
-------------------------++-------
Melee: Unarmed           ||    59
  Use: Scroll            ||     1
Armor: Robe              ||    15
       Scale mail        ||     3
Dodge: Dodged            ||    31

Table legend:
 A = Non-vault XP
 B = Vault XP
 C = Vault XP percentage of total XP
 D = Non-vault monster count
 E = Vault monster count
 F = Vault count percentage of total count
                 A         B        C        D         E       F
            +---------+---------+-------+---------+---------+-------
      Total |      20 |       0 |   0.0 |      14 |       0 |   0.0
            +---------+---------+-------+---------+---------+-------
        D:1 |      20 |       0 |   0.0 |      14 |       0 |   0.0
            +---------+---------+-------+---------+---------+-------
